 Dungeon Crawl Stone Soup version 0.17.0-24-gcfadda4 (webtiles) character file.

625 Ordine the Transmogrifier (level 7, 46/52 HPs)
             Began as a Green Draconian Transmuter on Nov 15, 2015.
             Quit the game on level 3 of the Dungeon.
             The game lasted 00:13:16 (5752 turns).

Ordine the Transmogrifier (DrTm)                    Turns: 5752, Time: 00:13:16

Health: 46/52      AC:  6    Str: 19    XL:     7   Next: 23%
Magic:  9/10       EV: 12    Int: 15    God:
Gold:   190        SH:  0    Dex: 11    Spells: 2 memorised, 2 levels left

rFire  . . .     SeeInvis .       - Unarmed
rCold  . . .     Clarity  .     (armour unavailable)
rNeg   . . .     SustAt   .     (no shield)
rPois  +         Gourm    .     (helmet restricted)
rElec  .         Spirit   .     (no cloak)
rCorr  .         Warding  .     (no gloves)
rMut   .         Stasis   .     (no boots)
MR     .....                    (no amulet)
Stlth  +.........               (no ring)
                                a - +6 ring of strength

@: not resistant to hostile enchantments, very unstealthy
A: breathe noxious fumes, unfitting armour, poison resistance, cold-blooded, AC
+6
a: Breathe Noxious Fumes


You were on level 3 of the Dungeon.
You were hungry.

You visited 1 branch of the dungeon, and saw 4 of its levels.

You collected 190 gold pieces.

Inventory:

Jewellery
 a - a +6 ring of strength (left hand)
Scrolls
 g - 3 scrolls of teleportation
 h - a scroll of amnesia
Potions
 d - 3 potions of curing
 e - a potion of agility
 j - a potion of heal wounds
Books
 b - a book of Changes

   Spells                             Type                      Level
   a - Beastly Appendage              Transmutation                1
   b - Sticks to Snakes               Transmutation                2
   c - Spider Form                    Transmutation/Poison         3
   d - Ice Form                       Ice/Transmutation            4
   e - Blade Hands                    Transmutation                5
Comestibles
 c - 2 bread rations
 f - 2 meat rations
 k - a royal jelly


   Skills:
 - Level 1.1 Fighting
 - Level 1.7 Dodging
 - Level 3.0 Unarmed Combat
 - Level 2.0 Spellcasting
 + Level 8.1 Transmutations


You had 2 spell levels left.
You knew the following spells:

 Your Spells              Type           Power        Failure   Level  Hunger
a - Spider Form           Trmt/Pois      ##........   14%         3    ###....
b - Blade Hands           Trmt           ####......   24%         5    ######.


Dungeon Overview and Level Annotations

Branches:
Dungeon (4/15)
 Temple: D:4-7

Altars:
Trog
Xom
Yredelemnul


Innate Abilities, Weirdness & Mutations

You can breathe blasts of noxious fumes.
Your lurid green scales are hard (AC +6).
Your body does not fit into most forms of armour.
Your system is resistant to poisons.
You are cold-blooded and may be slowed by cold attacks.


Message History

The ufetubus misses you. The ufetubus closely misses you.
Eustachio closely misses you.
You bite Eustachio!
You kill Eustachio!
Your Transmutations skill increases to level 8!
You have reached level 7!
Your scales start taking on a lurid green colour.
You feel resistant to poisons.
You feel your dexterity returning.
The white imp disappears in a puff of smoke!
The ufetubus disappears in a puff of smoke!
Sorry, you're not good enough to have a special ability.
You start resting.
Your transformation is almost over.
You start resting.
Your transformation has ended.
Things that are here:
a falchion of holy wrath; a leather armour; a wand of polymorph {empty}
Okay, then.
Are you sure you want to abandon this character and quit the game? (Confirm with "yes".)

#.##.##....#.....#.
#.##.##.##.#.....#.
#.##.##.##.#.....##
#..#.##.##[#.....##
##.........#.....#.
#.........#.....#.
###########......#..#.....##
#.......>....#.#....#.....#
#.#########@)..#....###.###
####.#### #........### #.#
#.......# #........# #_#
#.......# #........#######
##.......######...##......#
#..<..........###.###.#####
#........####.# #.# #.#
##### #........# #.# #.# #.#
##.#.# #........# #.# #.#
#.#####.....


There were no monsters in sight!

Vanquished Creatures
  Eustachio (D:3)
  2 ogres
  A centaur skeleton (D:4)
  An orc priest (D:4)
  2 orc wizards
  2 worker ants (D:4)
  A hound zombie (D:4)
  5 adders
  An ooze (D:1)
  An adder skeleton (D:4)
  2 worms (D:3)
  3 giant geckos
  8 orcs
  A ball python (D:4)
  5 bats
  4 giant cockroaches
  2 gnoll zombies (D:3)
  8 hobgoblins
  3 jackals (D:4)
  13 kobolds
  2 giant newts (D:4)
  7 goblins
  9 rats
84 creatures vanquished.

Notes
Turn   | Place    | Note
--------------------------------------------------------------
     0 | D:1      | Ordine the Draconian Transmuter began the quest for the Orb.
     0 | D:1      | Reached XP level 1. HP: 16/16 MP: 3/3
   304 | D:1      | Reached XP level 2. HP: 12/23 MP: 3/5
  1037 | D:1      | Reached XP level 3. HP: 24/28 MP: 6/6
  1229 | D:2      | Found a shimmering altar of Xom.
  1665 | D:1      | Learned a level 3 spell: Spider Form
  1865 | D:2      | Reached skill level 4 in Transmutations
  2754 | D:3      | Found a bloodstained altar of Trog.
  2818 | D:3      | Reached XP level 4. HP: 17/35 MP: 3/7
  3215 | D:3      | Noticed an ogre
  3224 | D:3      | Killed an ogre
  3224 | D:3      | Reached skill level 5 in Transmutations
  3224 | D:3      | Reached XP level 5. HP: 38/40 MP: 4/8
  3571 | D:3      | Found a basalt altar of Yredelemnul.
  4004 | D:4      | Learned a level 5 spell: Blade Hands
  4242 | D:4      | Reached skill level 6 in Transmutations
  4625 | D:4      | Reached XP level 6. HP: 16/47 MP: 5/9
  5388 | D:4      | Noticed Eustachio
  5388 | D:4      | Noticed an ogre
  5405 | D:4      | Reached skill level 7 in Transmutations
  5413 | D:4      | Killed an ogre
  5735 | D:3      | Killed Eustachio
  5735 | D:3      | Reached skill level 8 in Transmutations
  5735 | D:3      | Your scales start taking on a lurid green colour.
  5735 | D:3      | Gained mutation: Your system is resistant to poisons. [Green Draconian growth]
  5735 | D:3      | Reached XP level 7. HP: 44/52 MP: 7/10
  5752 | D:3      | Quit the game

Action                   |  1- 3 |  4- 6 |  7- 9 || total
-------------------------+-------+-------+-------++-------
Melee: Unarmed           |   211 |   231 |       ||   442
 Cast: Beastly Appendage |     6 |     2 |       ||     8
       Spider Form       |       |     9 |       ||     9
  Use: Scroll            |     8 |     6 |       ||    14
       Potion            |       |     1 |       ||     1
  Eat: Chunk             |     6 |     9 |       ||    15
       Beef jerky        |       |     1 |       ||     1
